 Dungeon Crawl Stone Soup version 0.27-a0-1158-gaa87e14f67 (webtiles) character file.

Game seed: 4392709236914558069

1537 avis the Basher (level 8, -6/68 HPs)
             Began as a Hill Orc Monk on May 16, 2021.
             Was a Believer of Beogh.
             Mangled by Harold
             ... wielding a +5 trident of protection
              (22 damage)
             ... on level 7 of the Dungeon.
             The game lasted 00:33:19 (7959 turns).

avis the Basher (Hill Orc Monk)                     Turns: 7959, Time: 00:33:20

Health: -6/68      AC:  9    Str: 16    XL:     8   Next: 86%
Magic:  8/8        EV:  7    Int: 10    God:    Beogh [**....]
Gold:   240        SH:  4    Dex: 13    Spells: 7/7 levels left

rFire    . . .     SeeInvis .   a - +1 whip (elec)
rCold    . . .     Faith    .   I - +0 buckler
rNeg     . . .     Spirit   .   h - +0 chain mail
rPois    +         Reflect  .   (no helmet)
rElec    .         Harm     .   (no cloak)
rCorr    +         Rampage  .   (no gloves)
Will     .....                  (no boots)
Stlth    ..........             (no amulet)
HPRegen  0.21/turn              t - ring of resist corrosion
MPRegen  0.11/turn              G - ring of poison resistance

@: marked
A: no striking features
a: Renounce Religion, Smiting


You were on level 7 of the Dungeon.
You worshipped Beogh.
Beogh was pleased with you.
You visited 2 branches of the dungeon, and saw 8 of its levels.

You collected 240 gold pieces.

Inventory:

Hand Weapons
 a - a +1 whip of electrocution (weapon)
 b - a +0 hunting sling
Missiles
 c - 220 stones
 o - 11 poisoned darts (quivered)
 H - 39 sling bullets
Armour
 h - a +0 chain mail (worn)
 I - a +0 buckler (worn)
Magical Staves
 w - a staff of death
Jewellery
 k - a ring of ice
 t - a ring of resist corrosion (left hand)
 G - a ring of poison resistance (right hand)
Wands
 l - a wand of mindburst (9)
 r - a wand of paralysis (3)
 A - a wand of charming (12)
Scrolls
 e - 3 scrolls of teleportation
 g - a scroll of amnesia {unknown}
 j - a scroll of identify
 s - a scroll of brand weapon {unknown}
 u - 2 scrolls of noise {unknown}
 B - a scroll of vulnerability {unknown}
 C - a scroll of fear
 N - a scroll of magic mapping
 O - a scroll of enchant armour {unknown}
Potions
 d - a potion of attraction {unknown}
 f - a potion of mutation
 i - a potion of lignification
 m - 2 potions of curing
 p - a potion of flight {unknown}
 x - 2 potions of ambrosia {unknown}
 J - a potion of cancellation {unknown}
 K - 2 potions of haste {unknown}


   Skills:
 - Level 5.0 Fighting
 - Level 7.4(10.1) Axes
 * Level 9.0(9.8) Maces & Flails
 + Level 3.1 Armour
 - Level 2.4 Dodging
 - Level 1.5 Stealth
 + Level 1.8 Shields
 + Level 1.3 Invocations


You had 7 spell levels left.
You didn't know any spells.
Your spell library contained the following spells:

 Spells                   Type           Power      Damage    Failure   Level
 Corona                   Hex            0%         N/A       100%        1
 Slow                     Hex            0%         N/A       100%        2
 Confusing Touch          Hex            0%         N/A       100%        3
 Gell's Gravitas          Tloc           0%         N/A       100%        3
 Inner Flame              Hex/Fire       0%         N/A       100%        3
 Portal Projectile        Hex/Tloc       0%         N/A       100%        3
 Cause Fear               Hex            0%         N/A       100%        4
 Leda's Liquefaction      Hex/Erth       0%         N/A       100%        4
 Petrify                  Tmut/Erth      0%         N/A       100%        4
 Metabolic Englaciation   Hex/Ice        0%         N/A       100%        5
 Yara's Violent Unravell  Hex/Tmut       0%         3d3       100%        5


Dungeon Overview and Level Annotations

Branches:
Dungeon (7/15)             Temple (1/1) D:6

Altars:
Elyvilon
Gozag
Kikubaaqudgha
Makhleb
Nemelex Xobeh
Okawaru
Trog
Uskayaw
Vehumet
Xom
Zin

Annotations:
D:5 1 runed translucent door, exclusion: door
D:7 Harold


Message History

You climb upwards.
There is a stone staircase leading down here.
There is a stone staircase leading down here.
You climb downwards.
Found 23 stones.
There is a stone staircase leading up here.
c - 220 stones (gained 23) Harold the Weathered comes into view.
He is wielding a +5 trident of protection.
Harold shouts!
Harold thinks, and says "Perhaps I'll take up carpentry after I'm done here..."
Harold hits you from afar with a +5 trident of protection!!
Throw: 13 darts (poison)
Press: ? - help, Q - select action, (/) - cycle Shift-Dir - straight line, f - Harold
Aim: Harold, wielding a +5 trident of protection, wearing a +0 chain mail and quivering 2 throwing nets (74% to hit)
You throw a poisoned dart. The poisoned dart hits Harold.
Harold is poisoned.
Harold fires a harpoon shot at you. The harpoon shot misses you.
Throw: 12 darts (poison)
Press: ? - help, Q - select action, (/) - cycle Shift-Dir - straight line, f/p - Harold
Aim: Harold, wielding a +5 trident of protection, wearing a +0 chain mail and quivering 2 throwing nets (poisoned, 74% to hit)
You throw a poisoned dart. The poisoned dart barely misses Harold.
Harold points at you and mumbles some strange words.
A sentinel's mark forms upon you.
Unknown command.
Harold says, "Listen, it's nothing personal.
It's just a job."
Harold hits you with a +5 trident of protection!
You closely miss Harold.
Harold is lightly wounded.
Harold hits you with a +5 trident of protection.
You hit Harold but do no damage.
Harold is lightly wounded.
You hit Harold but do no damage. Lightning courses through Harold!
Harold is moderately wounded.
Harold hits you with a +5 trident of protection!
* * * LOW HITPOINT WARNING * * *
Okay, then.
As you read the scroll of fear, it crumbles to dust.
You assume a fearsome visage.
Harold easily resists.
Harold hits you with a +5 trident of protection!!
You die...

#...# ##...####
#.......#
###.#.###.#
#.........#
#.#.....#
#.......#######
#<##..........#
#.####..#####@#
#.......# #@..#
###.....#
......#
#.#####..(...##
.... #..##..#
#.. .. #.. ##.#
.. .# #. .# #.
.#


You could see Harold (poisoned).

Vanquished Creatures
  Grinder (D:4)
  Sigmund (D:3)
  Eustachio (D:4)
  A water moccasin (D:5)
  A centaur (D:6)
  A necrophage (D:6)
  An ogre (D:6)
  A bullfrog (D:4)
  A gnoll sergeant (D:5)
  A scorpion (D:5)
  A water moccasin skeleton (D:2)
  A hound (D:5)
  5 iguanas
  A jelly (D:6)
  An orc priest (D:5)
  Ijyb (D:3)
  Terence (D:3)
  8 gnolls
  9 adders
  An adder skeleton (D:5)
  3 worms
  A dart slug (D:1)
  5 orcs
  2 endoplasms (D:1)
  5 goblins
  7 hobgoblins
  5 jackals
  5 kobolds
  4 quokkas
  7 ball pythons
  5 bats
  A frilled lizard (D:1)
  6 rats
95 creatures vanquished.

Vanquished Creatures (others)
  An orc priest (D:5)
  28 plants (D:3)
29 creatures vanquished.

Grand Total: 124 creatures vanquished

Notes
Turn   | Place    | Note
-------+----------+-------------------------------------------
     0 | D:1      | avis the Hill Orc Monk began the quest for the Orb.
     0 | D:1      | Reached XP level 1. HP: 19/19 MP: 1/1
   159 | D:1      | Reached XP level 2. HP: 11/26 MP: 2/2
   545 | D:1      | Reached skill level 5 in Axes
   808 | D:1      | Found a faded altar of an unknown god.
  1085 | D:2      | Reached XP level 3. HP: 28/31 MP: 3/3
  1085 | D:2      | Reached XP level 4. HP: 36/39 MP: 4/4
  1913 | D:2      | Reached XP level 5. HP: 33/45 MP: 5/5
  2510 | D:3      | Found a radiant altar of Vehumet.
  2737 | D:3      | Found a bloodstained altar of Trog.
  2739 | D:3      | Noticed Terence
  2746 | D:3      | Killed Terence
  2747 | D:3      | Reached skill level 1 in Maces & Flails
  3085 | D:3      | Reached skill level 2 in Maces & Flails
  3421 | D:3      | Noticed Ijyb
  3457 | D:3      | Paralysed by Ijyb for 6 turns
  3464 | D:3      | Killed Ijyb
  3465 | D:3      | Reached skill level 3 in Maces & Flails
  3480 | D:3      | Reached XP level 6. HP: 41/51 MP: 6/6
  3978 | D:3      | Noticed Sigmund
  3989 | D:3      | Killed Sigmund
  3990 | D:3      | Reached skill level 5 in Maces & Flails
  4472 | D:4      | Found a shimmering altar of Xom.
  4472 | D:4      | Noticed Eustachio
  4586 | D:4      | Killed Eustachio
  4587 | D:4      | Reached XP level 7. HP: 54/59 MP: 7/7
  4806 | D:4      | Found a white marble altar of Elyvilon.
  5067 | D:4      | Reached skill level 6 in Maces & Flails
  5345 | D:4      | Noticed Grinder
  5380 | D:4      | Paralysed by Grinder for 6 turns
  5391 | D:4      | Paralysed by Grinder for 5 turns
  5399 | D:4      | Killed Grinder
  5400 | D:4      | Reached skill level 5 in Fighting
  5400 | D:4      | Reached skill level 7 in Maces & Flails
  5400 | D:4      | Reached XP level 8. HP: 31/68 MP: 8/8
  5736 | D:5      | Entered Level 5 of the Dungeon
  5826 | D:5      | Became a worshipper of Beogh the Brigand
  5826 | D:5      | Reached * piety under Beogh
  5826 | D:5      | Reached ** piety under Beogh
  5854 | D:5      | Reached skill level 1 in Armour
  6172 | D:5      | Reached skill level 8 in Maces & Flails
  6206 | D:5      | Found a runed translucent door.
  7148 | D:6      | Reached skill level 1 in Shields
  7271 | D:6      | Found a staircase to the Ecumenical Temple.
  7279 | Temple   | Entered the Ecumenical Temple
  7352 | D:6      | Reached skill level 9 in Maces & Flails
  7352 | D:6      | Reached skill level 1 in Invocations
  7649 | D:6      | Found an opulent altar of Gozag.
  7952 | D:7      | Noticed Harold
  7959 | D:7      | Mangled by Harold

Illustrated notes

Levels and vault maps discovered:
D:1:      dpeg_arrival_tiny_c, layout_basic,
          shapermc_ecumenical_altar_starsandcircs
D:2:      layout_basic, minmay_misc_feat_chi, hangedman_decor_slide_cut
D:3:      wad_woods_settlement, layout_basic, nicolae_overflow_crystal_walls,
          nicolae_vehumet_radiance, uniq_sigmund, uniq_ijyb, uniq_terence
D:4:      layout_rooms, elyvilon_altar_1, xom_teletrap_fun,
          serial_co_window_serial, co_window_cross_1, co_window_paths_b,
          co_window_paths_b, co_window_paths_a, co_window_paths_a,
          co_window_paths_b, co_window_corner_a, co_window_of_opportunity_c,
          co_window_unsneaky_path_a, co_window_broadway_c, co_window_cross_4,
          uniq_eustachio, uniq_grinder
D:5:      layout_basic, solitary_fountain, uniq_crazy_yiuf_cottage
D:6:      layout_basic, lemuel_crystal_altar,
          minmay_temple_entry_statues_pillars
D:7:      layout_loops_cross, jmf_multi_god_temple, kennysheep_cluttered_room,
          uniq_maggie, uniq_joseph, uniq_harold
Temple:   cyrus_circular_temple

Skill      XL: |  1  2  3  4  5  6  7  8 |
---------------+-------------------------+-----
Axes           | 6 7 |  7.4
Maces & Flails | 3 5 7 9 |  9.0
Fighting       | 4 5 |  5.0
Armour         | 3 |  3.1
Shields        | 1 |  1.8
Invocations    | 1 |  1.3
Dodging        | |  2.4
Stealth        | |  1.5

Action                   |  1- 3 |  4- 6 |  7- 9 || total
-------------------------+-------+-------+-------++-------
Melee: Hand axe          |    55 |    98 |       ||   153
       Whip              |       |   100 |   115 ||   215
 Fire: Hunting sling     |       |       |     3 ||     3
Throw: Dart              |       |    34 |    17 ||    51
       Stone             |       |    10 |       ||    10
Invok: Convert to Beogh  |       |       |     1 ||     1
  Use: Scroll            |       |     5 |     7 ||    12
       Potion            |       |     1 |     2 ||     3
 Stab: Sleeping          |     4 |       |       ||     4
Armor: Robe              |     8 |       |       ||     8
       Ring mail         |     9 |    26 |       ||    35
       Leather armour    |     1 |       |       ||     1
       Chain mail        |       |    31 |    37 ||    68
Dodge: Dodged            |    30 |    72 |    24 ||   126
Block: Buckler           |       |       |     3 ||     3

Table legend: (Time is in decaauts)
 A = Elapsed time spent in this place.
 B = Non-inter-level travel time spent in this place.
 C = Inter-level travel time spent in this place.
 D = Time resting spent in this place.
 E = Time spent auto-exploring this place.
 F = Levels seen in this place.
 G = Mean time per level.
                   A        B        C        D        E       F      G
               +--------+--------+--------+--------+--------+-----+--------+
         Total |   7939 |   7350 |    589 |   2056 |   3826 |   8 |  992.4 |
       Dungeon |   7918 |   7329 |    589 |   2056 |   3826 |   7 | 1131.1 |
        Temple |     21 |     21 |      0 |      0 |      0 |   1 |   21.0 |
               +--------+--------+--------+--------+--------+-----+--------+

Top non-repeatable levels by time:
     D:3: 1912 daAuts
     D:4: 1474 daAuts
     D:2: 1320 daAuts
     D:1: 1298 daAuts
     D:5: 948 daAuts
     D:6: 922 daAuts
     D:7: 41 daAuts
  Temple: 21 daAuts
